 Dungeon Crawl Stone Soup version 0.27-a0-836-gfc908b8576 (webtiles) character file.

Game seed: 13775079106906031704

14 dickylongcocking the Magician (level 2, -6/22 HPs)
             Began as a Djinni Fire Elementalist on Mar 31, 2021.
             Mangled by an ogre
             ... wielding a +0 giant club
              (23 damage)
             ... on level 2 of the Dungeon.
             The game lasted 00:00:33 (1158 turns).

dickylongcocking the Magician (DjFE)                Turns: 1158, Time: 00:00:33

Health: -6/22      AC:  3    Str:  7    XL:     2   Next: 45%
Gold:   28         EV:  9    Int: 16    God:
                   SH:  0    Dex: 13

rFire    + + +     SeeInvis .   (no weapon)
rCold    x . .     Faith    .   (no shield)
rNeg     . . .     Spirit   .   a - +0 robe
rPois    ∞         Reflect  .   (no helmet)
rElec    .         Harm     .   (no cloak)
rCorr    .         Rampage  .   g - +0 pair of gloves
Will     .....                  (boots unavailable)
Stlth    ++........             (no amulet)
HPRegen  0.07/turn              h - ring of protection from fire
MPRegen  0.00/turn              (no ring)

@: flying, constricted
A: fire resistance 2, cold vulnerability 1, float, innate caster, hp casting,
extra vitality 1
a: no special abilities


You were on level 2 of the Dungeon.
You visited 1 branch of the dungeon, and saw 2 of its levels.

You collected 28 gold pieces.

Inventory:

Armour
 a - a +0 robe (worn)
 g - a +0 pair of gloves (worn)
Jewellery
 h - a ring of protection from fire (left hand)
Scrolls
 b - 2 scrolls of amnesia {unknown}
 c - a scroll of teleportation {unknown}
 f - a scroll of blinking {unknown}
 l - a scroll of identify {unknown}
Potions
 d - a potion of might {unknown}
 e - a potion of haste {unknown}
 i - a potion of heal wounds {unknown}
 j - a potion of lignification {unknown}
 k - a potion of degeneration {unknown}
 m - a potion of cancellation {unknown}


   Skills:
 * Level 0.9 Fighting
 - Level 2.1 Dodging
 - Level 1.5 Stealth
 * Level 3.1 Spellcasting


You couldn't memorise any spells.
You knew the following spells:

 Your Spells              Type           Power      Damage    Failure   Level
a - Foxfire               Conj/Fire      48%        2x1d6     4%          1
b - Conjure Flame         Conj/Fire      12%        6-21      16%         3
c - Inner Flame           Hex/Fire       12%        N/A       16%         3
d - Sticky Flame          Conj/Fire      12%        2d4       45%         4
e - Fireball              Conj/Fire      6%         3d5       80%         5
Your spell library was empty.

Dungeon Overview and Level Annotations

Branches:
Dungeon (2/15)

Altars:


Innate Abilities, Weirdness & Mutations

You are immune to poison.
Your flesh is very heat resistant. (rF++)
You are vulnerable to cold. (rC-)
You float through the air rather than walking.
You learn spells naturally, not from books.
Your magical power is your life essence.
You have superior vitality. (+4 HP)


Message History

There is an open door here.
You reach down and open the door.
There is an open door here.
There is an open door here.
There is an open door here.
You see here 35 stones.
Things that are here:
a +0 short sword; a stone
There is an open door here.
Key pressed, stopping explore.
Found an escape hatch in the floor.
No target in view!
Done exploring.
No target in view!
Done exploring.
No target in view!
Done exploring.
Done exploring.
(D) Dungeon
Where to? (? - help)
There is a stone staircase leading down here.
You fly downwards.
A ball python, an adder and an ogre come into view.
There is a stone staircase leading up here.
There are monsters nearby!
There are monsters nearby!
The helpless ball python fails to defend itself.
You hit the ball python.
The ball python is moderately wounded.
The adder hisses angrily.
The ogre shouts!
The ball python barely misses you. The ball python grabs you.
The ball python constricts you.
There are monsters nearby!
Casting: Foxfire (safe; 4% risk of failure)
Confirm with . or Enter, or press ? or * to list all spells.
You conjure some foxfire!
The ball python bites you. The ball python constricts you.
The ogre hits you with a +0 giant club!!
Ouch! That really hurt!
You die...

##.....#..
##.........
#..........
#..........
#..........
#..........
#.vSv......
#..@O......
##..S......
##.....#..
#####.# #


You could see an ogre (ally target), an adder (ally target) and a ball python.

Vanquished Creatures
  2 ball pythons (D:1)
  A bat (D:1)
  An endoplasm (D:1)
  2 hobgoblins (D:1)
  3 quokkas (D:1)
  A frilled lizard (D:1)
  2 kobolds (D:1)
  A rat (D:1)
13 creatures vanquished.

Vanquished Creatures (others)
  28 foxfires (D:1)
28 creatures vanquished.

Grand Total: 41 creatures vanquished

Notes
Turn   | Place    | Note
-------+----------+-------------------------------------------
     0 | D:1      | dickylongcocking the Djinni Fire Elementalist began the
                  | quest for the Orb.
     0 | D:1      | Reached XP level 1. HP: 15/15 MP: 0/0
   299 | D:1      | Reached skill level 3 in Spellcasting
   300 | D:1      | Reached XP level 2. HP: 10/22 MP: 0/0
  1156 | D:2      | Noticed an ogre
  1158 | D:2      | Mangled by an ogre

Illustrated notes

Levels and vault maps discovered:
D:1:      dpeg_arrival_long_road, layout_basic
D:2:      lemuel_upstairs_altar, layout_rooms, nicolae_tso_swordbearing_angel,
          uniq_natasha, uniq_jessica

Skill      XL: |  1 |
---------------+----+-----
Spellcasting   | 3 |  3.1
Fighting       | |  0.9
Dodging        | |  2.1
Stealth        | |  1.5

Action                   || total
-------------------------++-------
Melee: Unarmed           ||    10
 Cast: Foxfire           ||    20
 Stab: Sleeping          ||     1
Armor: Robe              ||     2
Dodge: Dodged            ||     9

Table legend: (Time is in decaauts)
 A = Elapsed time spent in this place.
 B = Non-inter-level travel time spent in this place.
 C = Inter-level travel time spent in this place.
 D = Time resting spent in this place.
 E = Time spent auto-exploring this place.
 F = Levels seen in this place.
 G = Mean time per level.
                   A        B        C        D        E       F      G
               +--------+--------+--------+--------+--------+-----+--------+
         Total |   1157 |   1144 |     13 |      0 |   1065 |   2 |  578.5 |
       Dungeon |   1157 |   1144 |     13 |      0 |   1065 |   2 |  578.5 |
               +--------+--------+--------+--------+--------+-----+--------+

Top non-repeatable levels by time:
     D:1: 1155 daAuts
     D:2: 1 daAuts
